 Dungeon Crawl Stone Soup version 0.16.1-16-gc44b35d (webtiles) character file.

126 Woebin the Skirmisher (level 4, -2/36 HPs)
             Began as a Demonspawn Abyssal Knight on Apr 9, 2015.
             Was a Believer of Lugonu.
             Slain by a gnoll
             ... wielding a +0 vampiric spear
              (3 damage)
             ... on level 3 of the Dungeon on Apr 17, 2015.
             The game lasted 00:17:28 (4198 turns).

Woebin the Skirmisher (Demonspawn Abyssal Knight)   Turns: 4198, Time: 00:17:28

Health: -2/36      AC:  8    Str: 18    XL:     4   Next: 83%
Magic:  6/6        EV: 12    Int: 19    God:    Lugonu [**....]
Gold:   98         SH:  0    Dex: 12    Spells: 0 memorised, 3 levels left

rFire  . . .     SeeInvis .     a - +1 dagger (protect)
rCold  . . .     Clarity  .     A - +0 leather armour
rNeg   . . .     SustAb   .     (no shield)
rPois  .         Gourm    .     (helmet restricted)
rElec  .         Spirit   .     (no cloak)
rCorr  .         Warding  .     (no gloves)
rMut   .         Stasis   .     (no boots)
MR     .....                    (no amulet)
Stlth  ++........               (no ring)
                                (no ring)

@: mighty, brilliant, not resistant to hostile enchantments, unstealthy
A: antennae 1, nightstalker 1
a: Depart the Abyss, Bend Space, Renounce Religion


You were on level 3 of the Dungeon.
You worshipped Lugonu.
Lugonu was pleased with you.
You were hungry.

You visited 1 branch of the dungeon, and saw 3 of its levels.
You visited the Abyss 1 time.

You collected 98 gold pieces.

Inventory:

Hand weapons
 a - a +1 dagger of protection (weapon)
 b - a +0 hunting sling
 d - a +1 mace
 y - a +0 longbow
Missiles
 p - 15 sling bullets of flame
 t - 45 stones (quivered)
Armour
 A - a +0 leather armour (worn)
Scrolls
 g - 3 scrolls of fear {unknown}
 j - a scroll of blinking {unknown}
 l - 3 scrolls of remove curse {unknown}
 m - 3 scrolls of teleportation {unknown}
 n - 3 scrolls of identify {unknown}
 q - a scroll of enchant weapon {unknown}
 r - a scroll of fog {unknown}
 u - a scroll of random uselessness {unknown}
 B - a scroll of amnesia {unknown}
 D - a scroll of noise {unknown}
Potions
 e - a potion of cancellation
 o - 3 potions of curing
 C - a potion of poison
Comestibles
 c - 8 bread rations
 f - 2 meat rations
 h - a beef jerky
 i - a royal jelly
 s - 4 fruits


   Skills:
 + Level 3.6 Fighting
 + Level 0.8 Short Blades
 + Level 2.0 Maces & Flails
 + Level 0.1 Throwing
 + Level 2.4 Armour
 + Level 2.2 Dodging
 * Level 1.2 Stealth
 + Level 3.0 Invocations


You had 3 spell levels left.
You didn't know any spells.

Dungeon Overview and Level Annotations

Branches:
Dungeon (3/15)

Altars:


Innate Abilities, Weirdness & Mutations

You have a pair of small antennae on your head.
You are slightly more attuned to the shadows.


Message History

You feel slightly more hungry.
Drink which item? (? for menu, Esc to quit)
It was a potion of magic.
Magic courses through your body.
Drink which item? (? for menu, Esc to quit)
It was a potion of restore abilities.
You feel refreshed. The gnoll misses you.
Drink which item? (? for menu, Esc to quit)
It was a potion of cure mutation.
It has a very clean taste.
The gnoll barely misses you.
Drink which item? (? for menu, Esc to quit)
It was a potion of brilliance.
You feel clever all of a sudden.
The gnoll hits you from afar with a vampiric spear.
* * * LOW HITPOINT WARNING * * *
The gnoll draws strength from your injuries!
Drink which item? (? for menu, Esc to quit)
It was a potion of might.
You feel very mighty all of a sudden. The gnoll barely misses you.
The gnoll hits you with a vampiric spear.
You die...

#.. . #.. ... #..
.... #.. ... #.. ..
#.. .# #.. ######.#
#.. #.sg@..# #..
#.###### #(. #ยง# ###
#.#
#.###################
#....................
#####################


You could see a gnoll and a giant cockroach.

Vanquished Creatures
  3 adders
  2 gnolls (D:3)
  2 worms (D:2)
  A giant mite (D:1)
  2 giant geckos
  2 oozes
  4 ball pythons
  6 goblins
  7 hobgoblins
  4 jackals (D:1)
  8 bats
  3 giant cockroaches
  4 giant newts
  11 kobolds
  A rat (D:2)
  A plant (D:1)
61 creatures vanquished.

Notes
Turn   | Place    | Note
--------------------------------------------------------------
     0 | Abyss:1  | Woebin, the Demonspawn Abyssal Knight, began the quest for the Orb.
     0 | Abyss:1  | Reached XP level 1. HP: 18/18 MP: 1/1
    25 | Abyss:1  | Noticed a ynoxinul
    25 | Abyss:1  | Noticed an earth elemental
    43 | Abyss:1  | Noticed a small abomination
    48 | Abyss:1  | Noticed an ancient zyme
    49 | Abyss:1  | Noticed a sky beast
    55 | Abyss:1  | Noticed a large abomination
    57 | Abyss:1  | Noticed a yellow draconian shifter
    57 | D:1      | Escaped the Abyss
   281 | D:1      | Reached skill level 1 in Dodging
   403 | D:1      | Gained mutation: You are slightly more attuned to the shadows. [demonic ancestry]
   403 | D:1      | Reached XP level 2. HP: 12/24 MP: 2/2
   602 | D:1      | Acquired Lugonu's first power
   706 | D:1      | HP: 1/24 [poisoned by a giant mite]
  1223 | D:1      | Gained mutation: You have a pair of small antennae on your head. [demonic ancestry]
  1223 | D:1      | Reached XP level 3. HP: 27/29 MP: 4/4
  2063 | D:2      | Upgraded the game from 0.16.1-12-gf5c4a84 to 0.16.1-14-g82efdee
  2105 | D:2      | Acquired Lugonu's second power
  2322 | D:2      | HP: 1/29 [worm (4)]
  2324 | D:2      | Reached skill level 1 in Stealth
  2643 | D:2      | Reached XP level 4. HP: 35/35 MP: 5/5
  3985 | D:3      | Upgraded the game from 0.16.1-14-g82efdee to 0.16.1-16-gc44b35d
  4196 | D:3      | HP: 1/36 [gnoll/vampiric spear (4)]
  4198 | D:3      | Slain by a gnoll

Action                   |  1- 3 |  4- 6 || total
-------------------------+-------+-------++-------
Melee: Mace              |   103 |       ||   103
       Dagger            |   209 |   122 ||   331
 Fire: Hunting sling     |       |     7 ||     7
Throw: Stone             |    13 |    10 ||    23
Invok: Depart the Abyss  |     1 |       ||     1
       Bend Space        |     1 |     2 ||     3
  Use: Potion            |     2 |     6 ||     8
 Stab: Sleeping          |     1 |     4 ||     5
  Eat: Chunk             |     4 |     5 ||     9
       Fruit             |     2 |       ||     2
